Unix NetHack Version 3.7.0-102 Work-in-progress - last build Apr 6 2024 13:22:21 (d302a6a9ff6341f1a922d8f5af178406b35fdf99,branch:master). Game began 2024-04-06 20:03:27, ended 2024-04-06 20:11:35. Catomat, neutral female human Wizard ---------- ---------- |......... |........| ##.........| #..........######## |......... ----------- #|........|# |........| .....$....| #----------# |........+ |%.))))...| # ## -|-------- ........d@| # ## ### ---------.- # # # ######### ## # # ## # ### #)# ##-----.---- # # --------.-- #|......>.| ------# ##-.........| #-........| |....|# |....<....| #|........| |.....# |.........| ######---------- |.[(.| ----------- }}}}}} ## |.>...############################################# ------ Catomat the Conjurer St:13 Dx:14 Co:13 In:16 Wi:11 Ch:8 Neutral S:301 Dlvl:2 $:33 HP:0(25) Pw:3(20) AC:9 Xp:3/42 T:647 Latest messages: You are hit by a crossbow bolt. r - a cream pie. You have a little trouble lifting a gnome corpse. Continue? [ynq] (q) You have a little trouble lifting s - a gnome corpse. Your movements are slowed slightly because of your load. What do you want to drop? [$a-s or ?*] You drop a gnome corpse. Your movements are now unencumbered. The gnome thrusts one of his daggers. The gnome hits! In what direction? The spell hits the gnome! You kill the gnome! Welcome to experience level 3. You are hit by a crossbow bolt. You are hit by a crossbow bolt. You see here 5 daggers. t - 5 daggers. There are two objects here. There is a gnome corpse here; eat it? [ynq] (n) This gnome corpse is gamey. You are hit by a crossbow bolt. You stop eating the gnome corpse. You are hit by a crossbow bolt. You climb up the stairs. You ready: t - 5 daggers. In what direction? The dagger misses the coyote. In what direction? The dagger hits the coyote. In what direction? The dagger hits the coyote. # In what direction? The dagger hits the coyote. What do you want to write with? [- ac-emot or ?*] Never mind. # In what direction? The spell misses the coyote. The coyote bites! In what direction? The spell misses the coyote. The coyote bites! In what direction? The spell misses the coyote. The coyote bites! You die... Do you want your possessions identified? [ynq] (y) Do you want to see your attributes? [ynq] (y) Inventory: Coins $ - 33 gold pieces Weapons t - a +0 dagger (at the ready) a - a blessed +1 quarterstaff (weapon in hands) Armor b - a blessed +0 cloak of magic resistance (being worn) Comestibles r - an uncursed cream pie q - 2 uncursed food rations n - an uncursed lichen corpse Scrolls j - an uncursed scroll of enchant armor i - 2 uncursed scrolls of enchant weapon Spellbooks k - a blessed spellbook of force bolt l - an uncursed spellbook of light Potions h - an uncursed potion of extra healing p - an uncursed potion of fruit juice g - an uncursed potion of restore ability f - an uncursed potion of water Rings e - an uncursed ring of see invisible d - an uncursed ring of shock resistance Wands o - a wand of make invisible (0:3) c - a wand of sleep (0:4) Tools m - a magic marker (0:22) Catomat the Wizard's attributes: Background: You were a Conjurer, a level 3 female human Wizard. You were neutral, on a mission for Thoth who was opposed by Ptah (lawful) and Anhur (chaotic). You were right-handed. You were in the Dungeons of Doom, on level 2. You entered the dungeon 647 turns ago. You had 42 experience points, 38 more were needed to attain level 4. Your score was 301 before end-of-game adjustments. Basics: You had 0 out of 25 hit points. You had 3 out of 20 energy points (spell power). Your armor class was 9. Your wallet contained 33 zorkmids. Autopickup was on for '$"?!=/' plus thrown. Final Characteristics: Your strength was 13 (limit:18/100). Your dexterity was 14 (limit:18). Your constitution was 13 (limit:18). Your intelligence was 16 (limit:18). Your wisdom was 11 (limit:18). Your charisma was 8 (limit:18). Final Status: You weren't hungry. You were unencumbered. You were wielding a quarterstaff. You had basic skill with quarterstaff. Final Attributes: You were fervently aligned. You were magic-protected. You were warded. You are dead. Miscellaneous: You never encountered a bones level. Total elapsed playing time was 8 minutes and 7 seconds. Major events: Turn 1: Catomat the neutral female human Wizard entered the dungeon 600: entered the Gnomish Mines 608: attained the rank of Conjurer (level 3) 647: killed by a coyote Vanquished creatures: 3 gnomes a gecko 4 jackals a kobold a goblin 3 grid bugs 2 lichens 2 newts 17 creatures vanquished. No species were genocided or became extinct. Voluntary challenges: You were an atheist. You read items or engraved 1 time. You engraved Elbereth 1 time. You never genocided any monsters. You never polymorphed an object. You never changed form. You used no wishes. Achievements: You entered the Gnomish Mines. You attained the rank of Conjurer. The Dungeons of Doom: levels 1 to 3 Level 1: "bx" Some fountains. Level 2: <- You were here. Stairs down to The Gnomish Mines. Final resting place for you, killed by a coyote. Level 3: The Gnomish Mines: Level 3: Game over: ---------- / \ / REST \ / IN \ / PEACE \ / \ | Catomat | | 33 Au | | killed by a | | coyote | | | | | | 2024 | *| * * * | * _________)/\\_//(\/(/\)/\//\/|_)_______ Goodbye Catomat the Wizard... You died in The Dungeons of Doom on dungeon level 2 with 298 points, and 33 pieces of gold, after 647 moves. You were level 3 with a maximum of 25 hit points when you died.